 Dungeon Crawl Stone Soup version 0.31.0-11-ge490571c62 (webtiles) character file.

Game seed: 1112819338843253685

11 qw the Shooter (level 2, 0/16 HPs)
             Began as a Deep Elf Hunter on Feb 3, 2024.
             Succumbed to their own poison gas
             ... on level 1 of the Dungeon.
             The game lasted 00:00:01 (846 turns).

qw the Shooter (Deep Elf Hunter)                     Turns: 846, Time: 00:00:02

Health: 0/16       AC:  3    Str:  8    XL:     2   Next: 17%
Magic:  4/4        EV: 12    Int: 13    God:
Gold:   39         SH:  0    Dex: 18    Spells: 1/1 levels left

rFire   . . .        a - +0 shortbow
rCold   . . .        (shield currently unavailable)
rNeg    . . .        c - +0 leather armour
rPois   .            (no helmet)
rElec   .            (no cloak)
rCorr   .            (no gloves)
SInv    .            (no boots)
Will    .....        (no amulet)
Stlth   ++           (no ring)
HPRegen 0.22/turn    (no ring)
MPRegen 0.09/turn

%: no passive effects
@: lethally poisoned (0 -> -15)
A: no striking features
a: no special abilities


You were on level 1 of the Dungeon.
You visited 1 branch of the dungeon, and saw 1 of its levels.

You collected 39 gold pieces.


   Skills:
 - Level 1.5 Fighting
 + Level 6.0 Ranged Weapons
 - Level 2.4 Dodging
 - Level 1.2 Stealth


You had one spell level left.
You didn't know any spells.
Your spell library was empty.

Inventory:

Hand Weapons
 a - a +0 shortbow (weapon)
Armour
 c - a +0 leather armour (worn)

Dungeon Overview and Level Annotations

Branches:
Dungeon (1/15)

Altars:

Shops:
D:1 *


Message History

838 ||| IDENTIFYING 3 glowing blue potions
e - 3 potions of attraction Done exploring.
839 ||| READING scroll labelled PATEWN ETTUHAO.
As you read the scroll labelled PATEWN ETTUHAO, it crumbles to dust.
It is a scroll of enchant armour.
839 ||| ENCHANTING +0 shortbow.
Done exploring.
840 ||| DROPPING scroll of butterflies.
You drop a scroll of butterflies.
Done exploring.
841 ||| DROPPING scroll of vulnerability.
You drop a scroll of vulnerability.
Done exploring.
842 ||| DROPPING 3 potions of attraction.
You drop 3 potions of attraction.
Done exploring.
What level of the Dungeon? (default 1, ? - help) Sorry, I don't know how to get there.
Enter note:
Enter note:
Enter note:
Enter note:
Enter note:
Enter note:
Enter note:
Enter note:
Enter note:
Enter note:
Enter note:
Enter note: You swap places.
You are engulfed in poison gas.
You are lethally poisoned!
You feel very sick.
845 ||| Stepping ~*~*~tactically~*~*~ (cloud).
You swap places.
You feel very sick.
Your quokka is engulfed in poison gas.
Your quokka is poisoned.
There is a lethal amount of poison in your body!
You die...

...# #.##.............####''.....
%..###.##.............##.........
.......########¤####.###)........
...##### #0####.# #......... ...#
##0¤0¤..# #...)..... ...#
#¤¤¤0#..# #......... ...#
#00¤00..# #......... ...#
#¤r¤¤##.# #......... ####
#¤J@¤##.# #.(....... #¤¤0l000#
#......... #00..#### #.........
#¤000# #......... #0¤0¤#
###.###### #0¤¤¤# #.###### #¤¤0¤#
#.#..... #....# ##.###### ######
#........


You could see a friendly endoplasm (summoned), a friendly quokka (summoned,
poisoned) and a friendly frilled lizard (summoned).

Vanquished Creatures
  2 ball pythons (D:1)
  A giant cockroach (D:1)
  A goblin (D:1)
  2 hobgoblins (D:1)
  A kobold (D:1)
  2 bats (D:1)
  A frilled lizard (D:1)
10 creatures vanquished.

Notes
Turn   | Place    | Note
-------+----------+-------------------------------------------
     0 | D:1      | qw the Deep Elf Hunter began the quest for the Orb.
     0 | D:1      | Reached XP level 1. HP: 12/12 MP: 3/3
     0 | D:1      | 0 ||| qw: Version: 0.3-a-157-g843a77d
     0 | D:1      | 0 ||| qw: Game counter: 3995
     0 | D:1      | 0 ||| qw: Melee chars always use a shield: true
     0 | D:1      | 0 ||| qw: God list: Okawaru
     0 | D:1      | 0 ||| qw: Allow faded altars: false
     0 | D:1      | 0 ||| qw: Do Orc after clearing Dungeon:15 true
     0 | D:1      | 0 ||| qw: Do second Lair branch before Depths: true
     0 | D:1      | 0 ||| qw: Lair rune preference: random
     0 | D:1      | 0 ||| qw: Goals: Normal
     0 | D:1      | 0 ||| PLANNING D:1-11
   167 | D:1      | Found Danues's General Store.
   180 | D:1      | 180 ||| SHOPLISTING +0 scale mail (56 gold, have 0).
   180 | D:1      | 180 ||| SHOPLISTING +1 ice dragon scales (938 gold, have
                  | 0).
   426 | D:1      | Reached XP level 2. HP: 16/16 MP: 4/4
   468 | D:1      | Reached skill level 6 in Ranged Weapons
   735 | D:1      | 735 ||| READING 2 scrolls labelled VUS NAFFIWNYN.
   836 | D:1      | 836 ||| READING scroll labelled VAMOLE ZABAA.
   837 | D:1      | 837 ||| READING scroll labelled OCZAGI SACVAUR.
   838 | D:1      | 838 ||| READING scroll labelled ZUYRUSHR MIHE.
   838 | D:1      | 838 ||| IDENTIFYING 3 glowing blue potions
   839 | D:1      | 839 ||| READING scroll labelled PATEWN ETTUHAO.
   839 | D:1      | 839 ||| ENCHANTING +0 shortbow.
   840 | D:1      | 840 ||| DROPPING scroll of butterflies.
   841 | D:1      | 841 ||| DROPPING scroll of vulnerability.
   842 | D:1      | 842 ||| DROPPING 3 potions of attraction.
   845 | D:1      | 845 ||| Stepping ~*~*~tactically~*~*~ (cloud).
   845 | D:1      | HP: 4/16 [poisoned by you (poison gas)]
   846 | D:1      | Succumbed to their own poison gas

Levels and vault maps discovered:
D:1:      eino_arrival_cavern_e, layout_basic, serial_shops, shop

Skill      XL: |  1  2 |
---------------+-------+-----
Ranged Weapons | 6 |  6.0
Fighting       | |  1.5
Dodging        | |  2.4
Stealth        | |  1.2

Action                     || total
---------------------------++-------
   Fire: Shortbow          ||    26
    Use: Scroll            ||     5
 Armour: Leather armour    ||     5

Table legend:
 A = Non-vault XP
 B = Vault XP
 C = Vault XP percentage of total XP
 D = Non-vault monster count
 E = Vault monster count
 F = Vault count percentage of total count
                 A         B        C        D         E       F
            +---------+---------+-------+---------+---------+-------
      Total |      17 |       0 |   0.0 |      10 |       0 |   0.0
            +---------+---------+-------+---------+---------+-------
        D:1 |      17 |       0 |   0.0 |      10 |       0 |   0.0
            +---------+---------+-------+---------+---------+-------
